 Dungeon Crawl Stone Soup version 0.20-a0-809-gaf7f668 (webtiles) character file.

2221 Minion the Grappler (level 9, -12/88 HPs)
             Began as a Troll Monk on Mar 3, 2017.
             Killed by divine providence
             ... invoked by an orc priest
              (17 damage)
             ... on level 7 of the Dungeon.
             The game lasted 00:10:26 (5728 turns).

Minion the Grappler (Troll Monk)                    Turns: 5728, Time: 00:10:27

Health: -12/88     AC:  5    Str: 21    XL:     9   Next: 13%
Magic:  8/8        EV: 13    Int:  6    God:
Gold:   338        SH:  0    Dex: 19    Spells: 8/8 levels left

rFire    + . .     SeeInvis .     - Unarmed
rCold    . . .     Gourm    +   a - +0 robe
rNeg     . . .     Faith    .   (no shield)
rPois    .         Spirit   .   (helmet restricted)
rElec    .         Reflect  .   (no cloak)
rCorr    .         Harm     .   (gloves unavailable)
MR       .....                  (boots unavailable)
Stlth    ++........             (no amulet)
Regen    0.7/turn               E - ring of protection from fire
MPRegen  0.2/turn               p - +4 ring of dexterity

@: no status effects
A: unfitting armour, claws 3, fast metabolism 3, gourmand, regeneration 1,
shaggy fur 1, tough skin 2
a: no special abilities


You were on level 7 of the Dungeon.
You were completely stuffed.

You visited 2 branches of the dungeon, and saw 8 of its levels.
You also visited: Sewer.

You collected 380 gold pieces.
You spent 42 gold pieces at shops.

Inventory:

Armour
 a - a +0 robe (worn)
Jewellery
 m - an uncursed ring of wizardry {unknown}
 o - a +3 ring of strength
 p - a +4 ring of dexterity (left claw)
 E - a ring of protection from fire (right claw)
 G - an uncursed ring of ice {unknown}
Wands
 r - a wand of lightning (6/15)
Scrolls
 c - 4 scrolls of remove curse
 g - 10 scrolls of identify {unknown}
 i - 3 scrolls of blinking {unknown}
 j - a scroll of immolation {unknown}
 k - a scroll of recharging {unknown}
 q - 2 scrolls of fog {unknown}
 v - 2 scrolls of amnesia {unknown}
 x - 7 scrolls of teleportation {unknown}
 y - 2 scrolls of fear {unknown}
 F - a scroll of magic mapping {unknown}
Potions
 d - a potion of heal wounds {unknown}
 e - a potion of degeneration {unknown}
 f - a potion of brilliance {unknown}
 n - a potion of resistance {unknown}
 s - a potion of cancellation {unknown}
 t - 2 potions of mutation {unknown}
 u - a potion of might {unknown}
 w - 3 potions of curing
 z - 4 potions of flight {unknown}
 B - a potion of haste {unknown}
 C - a potion of magic {unknown}
 I - 2 potions of agility {unknown}
Books
 D - a Young Poisoner's Handbook

   Spells                             Type                      Level
   a - Sting                          Conjuration/Poison           1
   b - Poisonous Vapours              Poison/Air                   2
   c - Mephitic Cloud                 Conjuration/Poison/Air       3
   d - Olgreb's Toxic Radiance        Poison                       4
   e - Venom Bolt                     Conjuration/Poison           5
 H - a book of Cantrips

   Spells                             Type                      Level
   a - Confusing Touch                Hexes                        1
   b - Animate Skeleton               Necromancy                   1
   c - Summon Small Mammal            Summoning                    1
   d - Apportation                    Translocation                1
Comestibles
 b - 8 bread rations
 h - 4 royal jellies
 l - 5 meat rations
 A - 6 fruits
 J - 4 chunks of flesh


   Skills:
 + Level 5.1 Fighting
 + Level 5.2 Dodging
 - Level 1.0 Stealth
 + Level 9.8 Unarmed Combat


You had 8 spell levels left.
You didn't know any spells.

Dungeon Overview and Level Annotations

Branches:
Dungeon (7/15)             Temple (1/1) D:4

Altars:
Ashenzari
Cheibriados
Dithmenos
Fedhas
Gozag
Hepliaklqana
Kikubaaqudgha
Makhleb
Nemelex Xobeh
Okawaru
Qazlal
Ru
Sif Muna
Trog
Uskayaw
Vehumet
Wu Jian
Xom
The Shining One

Shops:
D:5 *


Innate Abilities, Weirdness & Mutations

You are too large for most types of armour.
You have claws for hands.
Your metabolism is lightning-fast.
You like to eat raw meat.
Your natural rate of healing is unusually fast.
You are covered in fur. (AC +1)
You have very tough skin. (AC +2)


Message History

The orc priest mumbles some strange prayers to Beogh against you.
Beogh smites you!
* * * LOW HITPOINT WARNING * * *
You hear a shout!
You feel better. The orc warrior completely misses you.
You claw the orc warrior!
You kill the orc warrior!
The orc priest mumbles some strange prayers to Beogh against you.
Beogh smites you!
* * * LOW HITPOINT WARNING * * *
The ogre shouts!
Things that are here:
a dire flail; a plate armour You scratch the orc priest.
The orc priest is lightly wounded.
You claw the orc priest!
The orc priest is severely wounded.
The orc priest mumbles some strange prayers to Beogh against you.
Beogh smites you!
You die...

#+###..................
########........#####.....o...
...................#..........
........#####+##...#..........
###........#####.##...#oO........
..'..................>#)#.#+#..#.
.##........#####.##...#o#.# .#
..............##.######.#.#
#.########....##@######.#.#
#.#...........##.oo..O..#..
#...#####.....###########.# ....#
#.....# .. ##.## #.....# ...
#...### ##..# #...# #... ....#
#.#.# ##..#


You could see an ogre, an orc priest and an orc.

Vanquished Creatures
  2 orc warriors
  2 phantoms
  An ice beast (D:6)
  4 ogres
  A centaur (D:6)
  3 big kobolds (Sewer)
  A bullfrog (D:7)
  2 scorpions
  A bullfrog skeleton (D:6)
  3 jellies
  2 orc priests
  7 orc wizards
  2 iguanas
  5 worker ants
  A killer bee zombie (D:7)
  7 gnolls
  2 worker ant zombies (D:5)
  13 adders
  2 river rats
  3 oozes
  4 adder skeletons (D:4)
  6 worms
  5 dart slugs
  3 leopard geckos (D:1)
  17 orcs
  7 ball pythons
  12 giant cockroaches
  7 goblins
  6 hobgoblins
  6 quokkas
  9 bats
  6 frilled lizards
  10 kobolds
  A quokka skeleton (D:5)
  5 rats
  2 toadstools (D:1)
170 creatures vanquished.

Vanquished Creatures (others)
  2 toadstools (D:1)
2 creatures vanquished.

Grand Total: 172 creatures vanquished

Notes
Turn   | Place    | Note
-------+----------+-------------------------------------------
     0 | D:1      | Minion the Troll Monk began the quest for the Orb.
     0 | D:1      | Reached XP level 1. HP: 22/22 MP: 0/0
   144 | D:1      | Reached XP level 2. HP: 29/29 MP: 1/1
   390 | D:1      | Reached skill level 4 in Unarmed Combat
   545 | D:1      | Reached XP level 3. HP: 36/36 MP: 2/2
  1701 | D:3      | Reached skill level 5 in Unarmed Combat
  1701 | D:3      | Reached XP level 4. HP: 44/44 MP: 3/3
  1705 | D:3      | Noticed a phantom
  1782 | D:3      | Killed a phantom
  1782 | D:3      | Reached skill level 6 in Unarmed Combat
  1782 | D:3      | Reached XP level 5. HP: 33/50 MP: 4/4
  2055 | D:3      | Found an ornate altar of the Wu Jian Council.
  2055 | D:3      | Found a burning altar of Makhleb.
  2176 | D:3      | Found a sparkling altar of Nemelex Xobeh.
  2373 | D:4      | Found a staircase to the Ecumenical Temple.
  2378 | D:4      | Reached XP level 6. HP: 49/59 MP: 5/5
  2387 | Temple   | Entered the Ecumenical Temple
  2558 | D:4      | Found a sparkling altar of Nemelex Xobeh.
  2664 | D:4      | Reached skill level 7 in Unarmed Combat
  2923 | D:4      | Reached skill level 8 in Unarmed Combat
  3050 | D:4      | Reached XP level 7. HP: 65/66 MP: 6/6
  3257 | D:5      | Entered Level 5 of the Dungeon
  3257 | D:5      | Found Bohuefi's General Store.
  3294 | D:5      | Bought a potion of curing for 42 gold pieces
  3666 | D:5      | Found a glowing drain.
  3684 | Sewer    | Entered a sewer
  3750 | Sewer    | Reached XP level 8. HP: 74/75 MP: 7/7
  4046 | D:5      | Reached skill level 9 in Unarmed Combat
  4339 | D:5      | Found a shattered altar of Ashenzari.
  4370 | D:5      | Found a sparkling altar of Nemelex Xobeh.
  4508 | D:5      | Found a shimmering altar of Xom.
  5175 | D:6      | Reached skill level 5 in Dodging
  5596 | D:7      | Reached XP level 9. HP: 86/87 MP: 8/8
  5630 | D:7      | Reached skill level 5 in Fighting
  5720 | D:7      | HP: 2/88 [orc priest/divine providence (15)]
  5726 | D:7      | HP: 4/88 [orc priest/divine providence (12)]
  5728 | D:7      | Killed from afar by an orc priest

Vault maps used:
D:1:      ldierk_water_garden
D:2:      first_bread
D:3:      gammafunk_temple_overflow_elements, nemelex_xobeh_ov_fountains_minmay
D:4:      minmay_temple_entry_grid, nemelex_diamond_rough_becter
D:5:      tgw_xom, kennysheep_mini_moat, serial_shops, shop,
          portal_sewer_entry_b, nemelex_dance_club_becter
D:7:      kennysheep_little_box, minmay_crystal_room
Temple:   regret_index_temple_waves
Sewer:    sewer_co_15_rooms

Skill      XL: |  1  2  3  4  5  6  7  8  9 |
---------------+----------------------------+-----
Unarmed Combat | 4 5 6 8 9 |  9.8
Dodging        | 3 5 |  5.2
Fighting       | 3 4 5 |  5.1
Stealth        | |  1.0

Action                   |  1- 3 |  4- 6 |  7- 9 || total
-------------------------+-------+-------+-------++-------
Melee: Unarmed           |   102 |   103 |   245 ||   450
       Punch             |     2 |     5 |    12 ||    19
  Use: Scroll            |       |       |     1 ||     1
       Potion            |       |       |     1 ||     1
 Stab: Sleeping          |     4 |     5 |     8 ||    17
  Eat: Chunk             |    21 |     9 |    28 ||    58
Armor: Robe              |    38 |    16 |    42 ||    96
Dodge: Dodged            |    54 |    43 |    86 ||   183
